 Dungeon Crawl Stone Soup version 0.29.1-15-g9cfb28693d (webtiles) character file.

Game seed: 701778728546395133

9 croobank the Sneak (level 2, -5/21 HPs)
             Began as an Octopode Delver on Mar 6, 2023.
             Slain by a gnoll
             ... wielding a +0 flail
              (7 damage)
             ... on level 3 of the Dungeon.
             The game lasted 00:01:35 (382 turns).

croobank the Sneak (Octopode Delver)                 Turns: 382, Time: 00:01:35

Health: -5/21      AC:  1    Str: 11    XL:     2   Next: 16%
Magic:  2/2        EV: 13    Int: 12    God:
Gold:   64         SH:  0    Dex: 13    Spells: 1/1 levels left

rFire   . . .      SeeInvis .   a - +0 hand axe
rCold   . . .      Faith    .   (no shield)
rNeg    . . .      Spirit   .   (helmet restricted)
rPois   .          Reflect  .   (no amulet)
rElec   .          Harm     .   (no ring)
rCorr   .          Rampage  .   (no ring)
Will    .....                   (no ring)
Stlth   ++++......              (no ring)
HPRegen 0.07/turn               (no ring)
MPRegen 0.08/turn               (no ring)
                                (no ring)
                                (no ring)

@: no status effects
A: almost no armour, amphibious, 8 rings, camouflage 1, gelatinous body 1,
(nimble swimmer 1), tentacles
a: no special abilities


You were on level 3 of the Dungeon.
You visited 1 branch of the dungeon, and saw 3 of its levels.

You collected 64 gold pieces.

Inventory:

Hand Weapons
 a - a +0 hand axe (weapon)
Wands
 f - a wand of digging (3)
Scrolls
 b - a scroll of fog
 g - a scroll of noise {unknown}
Potions
 c - a potion of heal wounds {unknown}
 e - a potion of mutation {unknown}


   Skills:
 + Level 3.1 Fighting
 + Level 2.2 Axes
 + Level 2.2 Dodging
 + Level 6.7 Stealth


You had one spell level left.
You didn't know any spells.
Your spell library was empty.

Dungeon Overview and Level Annotations

Branches:
Dungeon (5/15)             Temple (0/1) D:5

Altars:
Gozag

Shops:
D:5 [


Innate Abilities, Weirdness & Mutations

You cannot wear most types of armour.
You are amphibious.
You can wear up to eight rings at the same time.
Your skin changes colour to match your surroundings (Stealth+).
Your rubbery body absorbs attacks. (AC +1, EV +1)
((You are camouflaged when in or above water. (Stealth+)))
You have tentacles for arms and can constrict up to eight enemies at once.


Message History

You assume a fearsome visage.
The gnoll looks frightened! x2
The gnoll hits the fungus with a +0 club.
The fungus begins to die.
You see here 13 gold pieces.
You now have 54 gold pieces (gained 13).
A gnoll comes into view. It is wielding a +0 flail.
A nearby fungus withers and dies.
There is an opulent altar of Gozag here.
A gnoll comes into view. It is wielding a +0 flail.
The gnoll shouts!
You see here 10 gold pieces.
You now have 64 gold pieces (gained 10).
The gnoll completely misses you.
There is an opulent altar of Gozag here.
You curl up in front of the altar of Gozag.
Gozag does not accept service from beggars like you!
The service fee for joining is currently 82 gold; you only have 64.
Unknown command.
Press < or > to pray at altars.
You hit the gnoll. You grab the gnoll.
The gnoll is moderately wounded.
You constrict the gnoll, but do no damage.
The gnoll hits you with a +0 flail!
Ouch! That really hurt!
You hit the gnoll. Your grab misses the gnoll. Your squeeze misses the gnoll.
The gnoll is heavily wounded.
You hit the gnoll. You constrict the gnoll. The gnoll hits you with a +0 flail!
* * * LOW HITPOINT WARNING * * *
The gnoll barely misses you.
You hit the gnoll but do no damage. You grab the gnoll.
The gnoll is heavily wounded.
You completely miss the gnoll. You constrict the gnoll.
You constrict the gnoll, but do no damage.
The gnoll misses you. The gnoll closely misses you.
You hit the gnoll.
The gnoll is almost dead.
You hit the gnoll but do no damage. You constrict the gnoll.
You kill the gnoll!
You constrict the gnoll. The gnoll hits you with a +0 flail!
You die... #. #. #.## #.#######..## ...........# ##.PPPPPPP.#

##..........#
#...P.PPP.P.#
#####...P.....P.#
#.......P.)@..P.#
#.......g.g...P.#
#.........PPP...##
#................##
#.......PPPPP.....##
######.........)#..##
##.#...######..##
#...### ##..## #.###
##..# ##


You could see 2 gnolls.

Vanquished Creatures
  A gnoll (D:3)
  A white imp (D:5)
  An orc (D:5)
3 creatures vanquished.

Vanquished Creatures (others)
  5 fungi (D:3)
5 creatures vanquished.

Grand Total: 8 creatures vanquished

Notes
Turn   | Place    | Note
-------+----------+-------------------------------------------
     0 | D:5      | croobank the Octopode Delver began the quest for the Orb.
     0 | D:5      | Reached XP level 1. HP: 16/16 MP: 1/1
     6 | D:5      | Found Elyecux's Antique Armour Boutique.
    15 | D:5      | Noticed a jelly
    41 | D:5      | Noticed a necrophage
    43 | D:5      | Reached XP level 2. HP: 8/21 MP: 2/2
   348 | D:3      | Found an opulent altar of Gozag.
   382 | D:3      | Slain by a gnoll

Illustrated notes

Levels and vault maps discovered:
D:3:      layout_basic, mainiacjoe_overflow_cross_hatched,
          shapermc_ecumenical_altar_rom_forum
D:4:      layout_loops_cross, nicolae_wu_jian_glorious_leap,
          mainiacjoe_overflow_alcove_4, chequers_ossuary_entry_cave
D:5:      minmay_clustersquares, layout_basic, grunt_qazlal_clouds, zin_angel,
          temple_hall_moat, serial_shops, nicolae_shop_bloodbath_and_beyond,
          nicolae_lakefront_shop, shop, serial_curves, eino_curves_04,
          eino_curves_02, portal_sewer_entry_e, uniq_sigmund

Action                   || total
-------------------------++-------
Melee: Hand axe          ||     8
       Tentacles         ||     3
       Constrict         ||     4
  Use: Scroll            ||     2
       Potion            ||     1
Dodge: Dodged            ||     5
